 Dungeon Crawl Stone Soup version 0.26.0-16-gc1dbca0489 (webtiles) character file.

Game seed: 16971721374542320224

121 hatsuma the Chopper (level 4, -1/40 HPs)
             Began as a Minotaur Berserker on Jan 18, 2021.
             Was a Priest of Trog.
             Slain by an orc wizard
             ... wielding a +0 dagger
              (2 damage)
             ... on level 4 of the Dungeon.
             The game lasted 00:14:00 (1860 turns).

hatsuma the Chopper (Minotaur Berserker)            Turns: 1860, Time: 00:14:00

Health: -1/40      AC:  7    Str: 22    XL:     4   Next: 76%
Magic:  3/3        EV: 10    Int:  4    God:    Trog [***...]
Gold:   142        SH:  0    Dex: 10    Spells: 3/3 levels left

rFire    . . .     SeeInvis .   a - +0 hand axe
rCold    . . .     Faith    .   (no shield)
rNeg     . . .     Spirit   .   d - +0 scale mail
rPois    .         Reflect  .   (helmet restricted)
rElec    .         Harm     .   (no cloak)
rCorr    .         Rampage  .   f - +0 pair of gloves
Will     .....                  (no boots)
Stlth    ..........             (no amulet)
HPRegen  0.13/turn              (no ring)
MPRegen  0.08/turn              (no ring)

@: slowed, very slow
A: retaliatory headbutt, horns 2
a: Renounce Religion, Berserk, Trog's Hand


You were on level 4 of the Dungeon.
You worshipped Trog.
Trog was most pleased with you.
You visited 1 branch of the dungeon, and saw 4 of its levels.

You collected 142 gold pieces.

Inventory:

Hand Weapons
 a - a +0 hand axe (weapon)
 q - a +1 whip of electrocution
Armour
 d - a +0 scale mail (worn)
 f - a +0 pair of gloves (worn)
Jewellery
 n - an uncursed amulet of faith {unknown}
Wands
 o - a wand of random effects (15)
Scrolls
 b - a scroll of identify {unknown}
 e - a scroll of enchant armour {unknown}
 g - a scroll of remove curse {unknown}
 i - a scroll of fog {unknown}
 m - a scroll of teleportation {unknown}
 r - a scroll of random uselessness {unknown}
Potions
 c - 3 potions of might {unknown}
 h - 2 potions of curing {unknown}
 j - a potion of magic {unknown}
 k - a potion of brilliance {unknown}
 l - a potion of lignification {unknown}
 p - a potion of haste {unknown}


   Skills:
 - Level 4.2 Fighting
 + Level 6.0 Axes
 - Level 3.0 Armour
 - Level 2.1 Dodging


You had 3 spell levels left.
You didn't know any spells.
Your spell library was empty.

Dungeon Overview and Level Annotations

Branches:
Dungeon (4/15)
 Temple: D:4-7

Altars:


Innate Abilities, Weirdness & Mutations

You reflexively headbutt those who attack you in melee.
You have a pair of horns on your head.


Message History

You headbutt the orc wizard! The orc barely misses you.
The orc priest hits you.
The orc wizard gestures at you while chanting.
The magic dart hits you!
* * * LOW HITPOINT WARNING * * *
The quokka bites you but does no damage.
The orc hits you from afar with a +0 trident.
* * * LOW HITPOINT WARNING * * *
The orc hits you but does no damage.
Unknown command.
You hit the orc. You headbutt the orc, but do no damage.
The orc is severely wounded.
You hit the quokka but do no damage.
You hit the orc priest but do no damage.
Your scale mail prevents you from hitting the orc wizard.
You hit the orc. You hit the orc wizard.
The orc wizard hits you with a +0 dagger.
* * * LOW HITPOINT WARNING * * *
The orc wizard hits you with a +0 dagger.
You die...

.).....# ......# #
#....#
#..####....#######
.............[....
.≈.....<..........
.....r....o.......
...+#####ro###...
. #o@# #.ooo.#
#.....# +.....#
###..## #..# ....
....


You could see an orc priest, 2 orc wizards, 3 orcs and a quokka.

Vanquished Creatures
  4 adders
  An ooze (D:1)
  A worm (D:2)
  2 dart slugs
  A leopard gecko (D:2)
  2 orcs (D:4)
  5 bats
  3 giant cockroaches
  8 goblins
  10 hobgoblins
  8 jackals
  8 kobolds
  A quokka (D:2)
  3 frilled lizards (D:2)
  6 rats
63 creatures vanquished.

Notes
Turn   | Place    | Note
-------+----------+-------------------------------------------
     0 | D:1      | hatsuma the Minotaur Berserker began the quest for the Orb.
     0 | D:1      | Reached XP level 1. HP: 19/19 MP: 0/0
   342 | D:1      | Reached XP level 2. HP: 27/27 MP: 1/1
   394 | D:1      | Reached skill level 4 in Axes
   550 | D:1      | Reached XP level 3. HP: 32/33 MP: 2/2
   815 | D:1      | Reached ** piety under Trog
  1071 | D:2      | Reached skill level 5 in Axes
  1251 | D:2      | Reached XP level 4. HP: 40/40 MP: 3/3
  1848 | D:3      | Reached *** piety under Trog
  1857 | D:4      | Reached skill level 6 in Axes
  1859 | D:4      | HP: 2/40 [orc/+0 trident (5)]
  1860 | D:4      | Slain by an orc wizard

Illustrated notes

Levels and vault maps discovered:
D:1:      dpeg_arrival_shrine, layout_loops_ring, serial_park_tiny_1,
          minmay_tiny_reverse_x
D:2:      layout_basic, dk_noncrumbling_4
D:3:      layout_loops_ring, portal_sewer_entry_d
D:4:      layout_gridville, serial_shops, shop_statue,
          chequers_serial_rivers_micro_e

Skill      XL: |  1  2  3  4 |
---------------+-------------+-----
Fighting       | 4 |  4.2
Axes           | 4 5 6 |  6.0
Armour         | 3 |  3.0
Dodging        | |  2.1

Action                   |  1- 3 |  4- 6 || total
-------------------------+-------+-------++-------
Melee: Hand axe          |    91 |    55 ||   146
       Headbutt          |    11 |     8 ||    19
Armor: Scale mail        |    36 |    25 ||    61
Dodge: Dodged            |    48 |    36 ||    84
